 Dungeon Crawl Stone Soup version 0.30-a0-802-gb92711bcdf (webtiles) character file.

Game seed: 471670843057910712

60 Dittersdorf the Covered (level 4, -7/29 HPs)
             Began as a Gargoyle Fighter on Feb 24, 2023.
             Mangled by Sigmund
             ... wielding a +0 scythe
              (9 damage)
             ... on level 2 of the Dungeon.
             The game lasted 00:02:31 (1071 turns).

Dittersdorf the Covered (Gargoyle Fighter)          Turns: 1071, Time: 00:02:31

Health: -7/29      AC: 11    Str: 22    XL:     4   Next: 4%
Magic:  4/4        EV:  8    Int:  8    God:
Gold:   53         SH:  0    Dex:  9    Spells: 3/3 levels left

rFire   . . .      SeeInvis .    a - +0 flail
rCold   . . .      Faith    .    o - +0 kite shield
rNeg    + . .      Spirit   .    b - +0 scale mail
rPois   ∞          Reflect  .    (no helmet)
rElec   +          Harm     .    (no cloak)
rCorr   .          Rampage  .    (no gloves)
Will    .....                    p - +0 pair of boots Stlth
                                 (no amulet)
HPRegen 0.24/turn                (no ring)
MPRegen 0.09/turn                (no ring)

@: confused
A: sickness immunity, AC +3, negative energy resistance 1, electricity
resistance, torment resistance 1, petrification resistance
a: no special abilities


You were on level 2 of the Dungeon.
You visited 1 branch of the dungeon, and saw 2 of its levels.

You collected 53 gold pieces.

Inventory:

Hand Weapons
 a - a +0 flail (weapon)
Armour
 b - a +0 scale mail (worn)
 m - a +0 plate armour
 o - a +0 kite shield (worn)
 p - a +0 pair of boots (worn)
Scrolls
 c - a scroll of vulnerability {unknown}
 h - a scroll of fear {unknown}
 j - a scroll of fog {unknown}
 k - a scroll of identify {unknown}
 l - a scroll of torment {unknown}
 n - a scroll of amnesia {unknown}
 q - a scroll of magic mapping {unknown}
 r - a scroll of teleportation {unknown}
Potions
 d - a potion of might
 e - 4 potions of curing {unknown}
 f - a potion of flight {unknown}
 g - 2 potions of mutation {unknown}
 i - a potion of lignification {unknown}


   Skills:
 + Level 3.8 Fighting
 + Level 2.7 Maces & Flails
 + Level 3.9 Armour
 + Level 3.8 Shields


You had 3 spell levels left.
You didn't know any spells.
Your spell library contained the following spells:

 Spells                   Type           Power      Damage    Failure   Level
 Momentum Strike          Conj/Tloc      0%         3d8       99%         2
 Summon Guardian Golem    Hex/Summ       0%         N/A       100%        3
 Enfeeble                 Hex            0%         N/A       100%        7
 Disjunction              Tloc           0%         N/A       100%        8


Dungeon Overview and Level Annotations

Branches:
Dungeon (2/15)

Altars:

Shops:
D:2 ((

Annotations:
D:2 Sigmund


Innate Abilities, Weirdness & Mutations

You are immune to sickness and miasma.
Your stone body is resilient. (AC +3)
You are immune to poison.
You resist negative energy. (rN+)
You are resistant to electric shocks. (rElec)
You are resistant to unholy torment.
You are immune to petrification.


Message History

No target in view!
No target in view!
No target in view!
No target in view!
No target in view!
You thump something! Something completely misses you.
You miss something. Something hits you but does no damage.
You barely miss something.
You hear some strange, mumbled words.
You are confused.
Something hits you.
You bump into the rock wall.
You hit something. Something hits you but does no damage.
You bump into the rock wall.
Something hits you but does no damage.
You feel less confused. You block something's attack.
You hit something.
You hear some strange, mumbled words.
You are confused.
You hear some strange, mumbled words.
You are more confused.
Something hits you but does no damage.
You bump into the rock wall.
You hear some strange, mumbled words.
You are more confused.
You bump into the rock wall.
Something hits you!
You're too confused to move!
You miss something. Something hits you but does no damage.
You're too confused to move!
You hear some strange, mumbled words.
Something tries to affect you, but you resist.
You barely miss something.
You hear some strange, mumbled words.
A magic dart appears from out of thin air!
The magic dart hits you.
* * * LOW HITPOINT WARNING * * *
Something hits you.
* * * LOW HITPOINT WARNING * * *
You barely miss something. Something hits you!
You die...

.. #. #.####
#....# ....#
####### ...#
.......###{####
#..........@..>#
........##.#:.#
........##.# .#
.)......#..# #
###.##..#.##
####.##..#.##..
#..............#
#......###.#####
.##......# #.#


There were no monsters in sight!

Vanquished Creatures
  An adder (D:2)
  A gnoll (D:1)
  4 endoplasms
  A giant cockroach (D:2)
  4 goblins
  2 hobgoblins
  4 jackals (D:1)
  A quokka (D:1)
  6 ball pythons
  2 bats
  4 frilled lizards
  3 kobolds
  8 rats
41 creatures vanquished.

Notes
Turn   | Place    | Note
-------+----------+-------------------------------------------
     0 | D:1      | Dittersdorf the Gargoyle Fighter began the quest for the
                  | Orb.
     0 | D:1      | Reached XP level 1. HP: 14/14 MP: 1/1
   126 | D:1      | Reached XP level 2. HP: 18/19 MP: 2/2
   130 | D:1      | Got Sif Muna's Disquisition on Bad Luck and Shifting
   379 | D:1      | Reached XP level 3. HP: 23/23 MP: 3/3
   806 | D:2      | Found Bidwaroh's Antique Weapon Shop.
   991 | D:2      | Reached XP level 4. HP: 29/29 MP: 4/4
   997 | D:2      | Found Simaq's Weapon Boutique.
  1046 | D:2      | Noticed Sigmund
  1071 | D:2      | Mangled by Sigmund

Illustrated notes

Levels and vault maps discovered:
D:1:      dpeg_arrival_lava_temple_mockup, layout_rooms, nicolae_hexahallways,
          dreamdust_princess_bridge
D:2:      layout_loops_cross, serial_shops, shop_fountains,
          nicolae_diamond_shop, dk_noncrumbling_3, grunt_ministairs_12,
          uniq_natasha, uniq_sigmund, uniq_crazy_yiuf_cottage

Action                     |  1- 3 |  4- 6 || total
---------------------------+-------+-------++-------
  Melee: Flail             |   120 |    16 ||   136
 Armour: Scale mail        |    51 |     5 ||    56
  Dodge: Dodged            |    58 |     6 ||    64
  Block: Buckler           |    17 |       ||    17
         Kite shield       |    25 |     3 ||    28

Table legend: (Time is in decaauts)
 A = Elapsed time spent in this place.
 B = Non-inter-level travel time spent in this place.
 C = Inter-level travel time spent in this place.
 D = Time resting spent in this place.
 E = Time spent auto-exploring this place.
 F = Levels seen in this place.
 G = Mean time per level.
                   A        B        C        D        E       F      G
               +--------+--------+--------+--------+--------+-----+--------+
         Total |   1120 |   1104 |     16 |      0 |    758 |   2 |  560.0 |
       Dungeon |   1120 |   1104 |     16 |      0 |    758 |   2 |  560.0 |
               +--------+--------+--------+--------+--------+-----+--------+

Top non-repeatable levels by time:
     D:1: 793 daAuts
     D:2: 327 daAuts
